 Dungeon Crawl Stone Soup version 0.28-a0-823-gb444dcf96d (webtiles) character file.

Game seed: 9831859753077859529

710 SmokeWeed the Sneak (level 7, -2/36 HPs)
             Began as a Spriggan Brigand on Nov 10, 2021.
             Was an Initiate of Okawaru.
             Slain by a phantom (6 damage)
             ... on level 4 of the Dungeon.
             The game lasted 00:27:29 (6610 turns).

SmokeWeed the Sneak (Spriggan Brigand)              Turns: 6610, Time: 00:27:29

Health: -2/36      AC:  7    Str:  7    XL:     7   Next: 40%
Magic:  8/8        EV: 18    Int: 13    God:    Okawaru [......]
Gold:   175        SH:  0    Dex: 18    Spells: 6/6 levels left

rFire   . . .      SeeInvis +   a - +2 dagger
rCold   . . .      Faith    .   (shield restricted)
rNeg    . . .      Spirit   .   b - +0 robe
rPois   .          Reflect  .   (helmet restricted)
rElec   .          Harm     .   c - +0 cloak
rCorr   .          Rampage  .   (gloves unavailable)
Will    +....                   (boots unavailable)
Stlth   ++++......              h - amulet of the acrobat
HPRegen 0.12/turn               l - +4 ring of protection
MPRegen 0.11/turn               (no ring)

@: very quick
A: very small, no large weapons, unfitting armour, see invisible, speed 3
a: Renounce Religion


You were on level 4 of the Dungeon.
You worshipped Okawaru.
Okawaru was noncommittal.
You visited 2 branches of the dungeon, and saw 8 of its levels.

You collected 175 gold pieces.

Inventory:

Hand Weapons
 a - a +2 dagger (weapon)
 d - a +0 hunting sling
 p - a +0 flail
Missiles
 e - a curare-tipped dart
 f - 117 stones (quivered)
 s - 6 poisoned darts
 t - 4 boomerangs
Armour
 b - a +0 robe (worn)
 c - a +0 cloak (worn)
Jewellery
 h - an amulet of the acrobat (around neck)
 l - a +4 ring of protection (left hand)
 o - an amulet of guardian spirit
Wands
 j - a wand of charming (12)
 m - a wand of iceblast (1)
Scrolls
 g - a scroll of amnesia
 k - 2 scrolls of torment
 n - 2 scrolls of identify
 q - a scroll of fog {unknown}
Potions
 i - 2 potions of curing
 r - a potion of attraction


   Skills:
 + Level 3.0 Fighting
 + Level 2.5 Short Blades
 + Level 6.7 Throwing
 + Level 3.5 Dodging
 + Level 7.2 Stealth


You had 6 spell levels left.
You didn't know any spells.
Your spell library contained the following spells:

 Spells                   Type           Power      Damage    Failure   Level
 Frozen Ramparts          Ice            0%         1d2       67%         3
 Ice Form                 Ice/Tmut       0%         N/A       97%         4
 Iskenderun's Battlesphe  Conj           0%         2d6       100%        5
 Iron Shot                Conj/Erth      0%         9d1       100%        6
 Summon Ice Beast         Ice/Summ       Unusable   N/A       N/A         4
 Spellforged Servitor     Conj/Summ      Unusable   N/A       N/A         7

Dungeon Overview and Level Annotations

Branches:
Dungeon (7/15)             Temple (1/1) D:4

Altars:
Ashenzari
Cheibriados
Dithmenos
Gozag
Hepliaklqana
Okawaru
Ru
Uskayaw
Vehumet
Wu Jian
Xom
Zin
Beogh

Annotations:
D:4 3 runed translucent doors, ytrimaz's ghost, amateur FoFi
D:5 1 runed translucent door, BigDaddyOpFi's ghost, novice GrFi
D:6 Edmund


Innate Abilities, Weirdness & Mutations

You are very small and have problems with some larger weapons.
You are too small for most types of armour.
You have supernaturally acute eyesight. (SInv)
You cover ground extremely quickly. (Speed+++)


Message History

The phantom is severely damaged.
The phantom closely misses you.
You hit the phantom.
The phantom is almost destroyed.
You barely miss the phantom.
The phantom is almost destroyed.
The phantom closely misses you.
You barely miss the phantom.
The phantom is almost destroyed.
The phantom hits you.
The phantom blinks!
You blink.
You closely miss the phantom.
The phantom is almost destroyed.
The phantom hits you.
* * * LOW HITPOINT WARNING * * *
The phantom blinks!
You blink.
You hit the phantom but do no damage.
The phantom is almost destroyed.
The phantom hits you but does no damage.
You closely miss the phantom.
The phantom is almost destroyed.
The phantom closely misses you.
You hit the phantom but do no damage.
The phantom is almost destroyed.
You hit the phantom but do no damage.
The phantom is almost destroyed.
The phantom completely misses you.
You barely miss the phantom.
The phantom is almost destroyed.
The phantom completely misses you.
You hit the phantom.
The phantom is almost destroyed.
The phantom hits you.
* * * LOW HITPOINT WARNING * * *
The phantom blinks!
You blink.
The phantom misses you.
There is a stone staircase leading up here.
You hit the phantom.
The phantom is almost destroyed.
The phantom hits you.
You die...

#........##.#...[.#
#........#....###..
#........#..### ###
#...........# #
#..)......)># #
#.........###
#........##
#........#
#######W@......#
#..............#
#.###########.##
#.# #.....# #.#
#....## #.#
#....############
###.###
#.........รท......
#.....#
#....############
###...#.# #)...#


You could see a phantom.

Vanquished Creatures
  An ice beast (D:7)
  A black bear (D:4)
  An ogre (D:4)
  A scorpion (D:4)
  An orc priest (D:4)
  A gnoll shaman (D:4)
  2 hounds
  A jelly (D:5)
  An iguana (D:4)
  An orc wizard (D:4)
  7 gnolls
  4 adders (D:2)
  2 adder skeletons
  4 worms
  4 dart slugs
  6 orcs
  6 ball pythons
  4 bats
  8 endoplasms
  2 giant cockroaches (D:1)
  3 goblins
  3 hobgoblins
  4 jackals
  4 kobolds
  3 quokkas
  A frilled lizard (D:1)
  7 rats
83 creatures vanquished.

Notes
Turn   | Place    | Note
-------+----------+-------------------------------------------
     0 | D:1      | SmokeWeed the Spriggan Brigand began the quest for the Orb.
     0 | D:1      | Reached XP level 1. HP: 10/10 MP: 2/2
    18 | D:1      | Reached skill level 6 in Stealth
   259 | D:1      | Reached XP level 2. HP: 14/14 MP: 3/3
   411 | D:1      | You fall into a shaft and drop 1 floor!
   457 | D:2      | Reached skill level 7 in Stealth
   522 | D:2      | Reached XP level 3. HP: 19/19 MP: 4/4
  1063 | D:2      | Reached XP level 4. HP: 24/24 MP: 5/5
  2290 | D:3      | Noticed an ice beast
  2297 | D:3      | Found a broken altar of Ashenzari.
  2748 | D:4      | Reached XP level 5. HP: 28/28 MP: 6/6
  2964 | D:4      | Found a staircase to the Ecumenical Temple.
  3197 | D:4      | Noticed an ogre
  3198 | D:4      | Killed an ogre
  3204 | D:4      | You fall into a shaft and drop 3 floors!
  3204 | D:7      | Noticed an orc warrior
  3252 | D:7      | Noticed an ice beast
  3298 | D:7      | Reached XP level 6. HP: 16/32 MP: 7/7
  3384 | D:6      | Noticed Edmund
  3403 | D:5      | Entered Level 5 of the Dungeon
  3453 | D:5      | Found a runed translucent door.
  3459 | D:5      | Noticed BigDaddyOpFi's ghost (novice GrFi)
  3868 | D:4      | Reached skill level 5 in Throwing
  3934 | Temple   | Entered the Ecumenical Temple
  3947 | Temple   | Became a worshipper of Warmaster Okawaru
  4361 | D:4      | Found a runed translucent gate.
  4362 | D:4      | Found a runed translucent gate.
  4363 | D:4      | Found a runed translucent gate.
  4363 | D:4      | Noticed ytrimaz's ghost (amateur FoFi)
  4529 | D:4      | Reached XP level 7. HP: 28/36 MP: 8/8
  5221 | D:4      | Identified the +1 ring mail "Daddean" {Contam rF+++ Regen+
                  | rCorr}
  6610 | D:4      | Slain by a phantom

Illustrated notes

Levels and vault maps discovered:
D:1:      dpeg_arrival_lava_temple_mockup, layout_loops_corners, serial_shops,
          nicolae_shop_stone, minmay_misc_feat_more_columns
D:2:      layout_loops_ring, minmay_liquid_box, minmay_octomino_e4
D:3:      layout_basic, evilmike_ruin_ashenzari
D:4:      layout_rooms, temple_pool_b, biasface_ghost_orc_armoury,
          cheibrodos_sewer_entry_bend
D:5:      layout_basic, serial_shops, nicolae_square_shop, ebering_ghost_sewer_d
D:6:      minmay_inner_zag, layout_basic, mainiacjoe_overflow_cross_hatched,
          uniq_maggie, uniq_edmund, uniq_eustachio
D:7:      layout_loops_cross, enter_bailey_3, minmay_misc_feat_diagonals,
          uniq_crazy_yiuf_cottage
Temple:   eino_temple_lava

Skill      XL: |  1  2  3  4  5  6  7 |
---------------+----------------------+-----
Stealth        | 6 7 |  7.2
Fighting       | 2 3 |  3.0
Dodging        | 3 |  3.5
Throwing       | 4 5 6 |  6.7
Short Blades   | |  2.5

Action                   |  1- 3 |  4- 6 |  7- 9 || total
-------------------------+-------+-------+-------++-------
Melee: Dagger            |    62 |   190 |   184 ||   436
       Flail             |       |       |    22 ||    22
Throw: Dart              |    15 |    50 |       ||    65
       Stone             |       |     9 |    84 ||    93
Evoke: Wand              |       |     5 |       ||     5
  Use: Scroll            |       |     6 |       ||     6
       Potion            |       |     2 |     1 ||     3
 Stab: Sleeping          |    10 |    13 |     1 ||    24
Armor: Robe              |     1 |    28 |    42 ||    71
Dodge: Dodged            |    30 |   180 |   169 ||   379

Table legend: (Time is in decaauts)
 A = Elapsed time spent in this place.
 B = Non-inter-level travel time spent in this place.
 C = Inter-level travel time spent in this place.
 D = Time resting spent in this place.
 E = Time spent auto-exploring this place.
 F = Levels seen in this place.
 G = Mean time per level.
                   A        B        C        D        E       F      G
               +--------+--------+--------+--------+--------+-----+--------+
         Total |   5224 |   5124 |    100 |   1515 |   1906 |   8 |  653.0 |
       Dungeon |   5205 |   5105 |    100 |   1515 |   1906 |   7 |  743.6 |
        Temple |     18 |     18 |      0 |      0 |      0 |   1 |   18.0 |
               +--------+--------+--------+--------+--------+-----+--------+

Top non-repeatable levels by time:
     D:4: 2752 daAuts
     D:2: 1113 daAuts
     D:3: 521 daAuts
     D:5: 393 daAuts
     D:1: 297 daAuts
     D:7: 115 daAuts
  Temple: 18 daAuts
     D:6: 11 daAuts
